 Dungeon Crawl Stone Soup version 0.17-a0-20-gd0808f3 (webtiles) character file.

12086 plathrop the Cruncher (level 11, -1/97 HPs)
             Began as a Minotaur Gladiator on Mar 7, 2015.
             Slain by an eight-headed hydra (6 damage)
             ... on level 2 of the Lair of Beasts.
             The game lasted 00:34:45 (12017 turns).

plathrop the Cruncher (Minotaur Gladiator)         Turns: 12017, Time: 00:34:46

Health: -1/97      AC: 19    Str: 19    XL:     11   Next: 57%
Magic:  11/11      EV: 11    Int:  5    God:
Gold:   367        SH:  0    Dex: 15    Spells: 0 memorised, 10 levels left

rFire  . . .     SeeInvis .     a - +3 quarterstaff
rCold  . . .     Clarity  .     C - +0 plate armour
rNeg   . . .     SustAb   .     (no shield)
rPois  +         Gourm    .     c - +2 hat
rElec  .         Spirit   .     (no cloak)
rCorr  .         Warding  .     (no gloves)
rMut   .         Stasis   .     k - +2 pair of boots
MR     .....                    (no amulet)
Stlth  ..........               w - ring of poison resistance
                                m - +1 ring of evasion

@: not resistant to hostile enchantments, extremely unstealthy
A: retaliatory headbutt, horns 2
a: no special abilities


You were on level 2 of the Lair of Beasts.
You were not hungry.

You visited 3 branches of the dungeon, and saw 13 of its levels.
You also visited: Sewer.

You collected 531 gold pieces.
You spent 164 gold pieces at shops.

Inventory:

Hand weapons
 a - a +3 quarterstaff (weapon)
 h - the +9 battleaxe "Grim" {chop, Dex+4}
   (You acquired it on level 1 of the Lair of Beasts)

   It inflicts extra damage upon your enemies.
   It affects your dexterity (+4).
Missiles
 d - 3 throwing nets (quivered)
Armour
 c - a +2 hat (worn)
 k - a +2 pair of boots (worn)
 y - the +4 buckler of Daisies {-Tele rC+ MR+ Str+4}
   (You found it on level 10 of the Dungeon)

   It affects your strength (+4).
   It protects you from cold.
   It affects your resistance to hostile enchantments.
   It prevents most forms of teleportation.
 C - a +0 plate armour (worn)
Rods
 P - a +0 rod of ignition (12/12)
   (You found it on level 1 of the Lair of Beasts)
Jewellery
 m - a +1 ring of evasion (left hand)
 w - a ring of poison resistance (right hand)
 H - an uncursed ring of protection from magic
 N - an uncursed ring of teleport control
Magical devices
 q - a wand of frost (15)
 u - a wand of cold (8)
 G - a wand of fireball (3)
 J - a wand of digging (11)
 K - a wand of draining (6)
 Q - a wand of cold (6)
Scrolls
 e - 3 scrolls of magic mapping
 f - a scroll of fog
 o - 6 scrolls of blinking
 A - 5 scrolls of fear
 B - a scroll of amnesia {unknown}
 E - 9 scrolls of remove curse
 M - 2 scrolls of teleportation
Potions
 b - 3 potions of flight
 g - 11 potions of curing
 p - 4 potions of brilliance
 r - a potion of cure mutation
 s - 6 potions of magic
 t - a potion of resistance
 v - a potion of agility {unknown}
 z - 3 potions of cancellation
 D - a potion of heal wounds {unknown}
 F - 2 potions of degeneration {unknown}
 I - 2 potions of invisibility {unknown}
Books
 n - a book of Frost

   Spells                             Type                      Level
   a - Freeze                         Ice                          1
   b - Throw Frost                    Conjuration/Ice              2
   c - Ozocubu's Armour               Charms/Ice                   3
   d - Throw Icicle                   Conjuration/Ice              4
   e - Summon Ice Beast               Ice/Summoning                4
   f - Condensation Shield            Ice                          4
 L - a book of Conjurations

   Spells                             Type                      Level
   a - Magic Dart                     Conjuration                  1
   b - Searing Ray                    Conjuration                  2
   c - Dazzling Spray                 Conjuration/Hexes            3
   d - Fulminant Prism                Conjuration/Hexes            4
   e - Iskenderun's Mystic Blast      Conjuration                  4
   f - Iskenderun's Battlesphere      Conjuration/Charms           5
Comestibles
 i - 10 fruits
 l - a royal jelly
 x - 5 bread rations


   Skills:
 - Level 9.1 Fighting
 - Level 14.1 Staves
 - Level 2.0 Throwing
 - Level 10.0 Armour
 + Level 9.4 Dodging
 + Level 3.8 Evocations


You had 10 spell levels left.
You didn't know any spells.

Dungeon Overview and Level Annotations

Branches:
Dungeon (10/15)            Temple (1/1) D:7            Lair (2/8) D:8
    Orc (0/4) D:10

Altars:
Cheibriados
Dithmenos
Elyvilon
Fedhas
Gozag
Kikubaaqudgha
Makhleb
Nemelex Xobeh
Okawaru
Qazlal
Sif Muna
Trog
Vehumet
Xom
Yredelemnul
The Shining One

Shops:
D:4 *   D:7 %


Innate Abilities, Weirdness & Mutations

You reflexively headbutt those who attack you in melee.
You have a pair of horns on your head.


Message History

* * * LOW HITPOINT WARNING * * *
The eight-headed hydra bites you.
* * * LOW HITPOINT WARNING * * *
The eight-headed hydra bites you.
* * * LOW HITPOINT WARNING * * *
The eight-headed hydra bites you.
* * * LOW HITPOINT WARNING * * *
The eight-headed hydra closely misses you.
The eight-headed hydra bites you but does no damage. x2
The eight-headed hydra closely misses you.
The eight-headed hydra barely misses you.
The eight-headed hydra bites you but does no damage.
There is a stone staircase leading up here.
The eight-headed hydra bites you but does no damage.
The eight-headed hydra completely misses you.
The eight-headed hydra bites you but does no damage. x2
The eight-headed hydra bites you.
* * * LOW HITPOINT WARNING * * *
The eight-headed hydra bites you.
You die...

#.##...#......#.....
#####.#.##...###.......#
#............###...P.##.
#.......####..#..#P..# .
#..####.# #.P......## #
#..# ##.# #.P..#.#.#
##.P# #..# ##...##.#.#
#..## ##D# #.....#.#.# ##
##.# #@# #P.#..#.#.# #.
#..# #.# #..P......# ..
#..# ##.# ##...##.#.#
##.# #..# #..#.##...# .
#†## #..# ##..†##...## .
##..###P.###..#..##...#
#....................##
#####.#....P...##.#...##.
#####....[###........


You could see an eight-headed hydra.

Vanquished Creatures
  A hydra (Lair:2)
  An unseen horror (D:10)
  A hill giant (D:10)
  Joseph (D:7)
  A komodo dragon (Lair:1)
  3 trolls
  4 polar bears (Lair:1)
  2 two-headed ogres (D:10)
  Prince Ribbit (D:7)
  The ghost of shobalk the Insei, an average GrMo (Sewer)
  A basilisk (Lair:2)
  A wraith (D:10)
  4 yaks (D:10)
  A spriggan (Lair:1)
  9 wolves
  3 hungry ghosts
  2 hippogriffs
  A steam dragon (D:8)
  A porcupine (Lair:1)
  A water moccasin (Lair:2)
  A wasp (D:10)
  An ice beast (D:6)
  3 sky beasts
  4 black bears (Lair:1)
  2 orc warriors
  3 phantoms
  4 ogres
  2 centaurs
  Duvessa (D:7)
  2 crocodiles
  7 giant frogs
  A water moccasin zombie (D:10)
  A scorpion (D:4)
  3 electric eels (D:8)
  A giant frog zombie (D:9)
  8 hounds
  Dowan (D:7)
  A centaur zombie (D:7)
  3 crimson imps
  A goliath beetle (D:9)
  A quasit (D:10)
  4 iguanas
  A jelly (D:6)
  3 orc priests
  A centaur skeleton (D:6)
  A giant frog skeleton (D:8)
  10 worker ants
  7 orc wizards
  Ijyb (D:3)
  A hound skeleton (D:6)
  A mummy (D:7)
  Robin (D:3)
  20 river rats
  2 worker ant zombies
  19 adders
  A shadow imp (D:8)
  2 giant mites
  2 worms
  2 adder skeletons
  2 adder zombies
  9 giant geckos
  3 oozes
  32 orcs
  11 bats
  A bat zombie (D:8)
  12 giant cockroaches
  17 goblins
  17 hobgoblins
  9 jackals
  8 quokkas
  14 ball pythons
  A giant cockroach zombie (D:6)
  7 giant newts
  10 kobolds
  A quokka zombie (D:6)
  38 rats
362 creatures vanquished.

Vanquished Creatures (others)
  Natasha (D:4)
1 creature vanquished.

Grand Total: 363 creatures vanquished

Notes
Turn   | Place    | Note
--------------------------------------------------------------
     0 | D:1      | plathrop, the Minotaur Gladiator, began the quest for the Orb.
     0 | D:1      | Reached XP level 1. HP: 18/18 MP: 1/1
    50 | D:1      | Reached skill level 4 in Staves
    56 | D:1      | Reached XP level 2. HP: 23/25 MP: 1/1
   393 | D:1      | Reached skill level 5 in Staves
   520 | D:2      | Reached XP level 3. HP: 30/30 MP: 2/2
  1117 | D:2      | Reached XP level 4. HP: 37/37 MP: 2/2
  1262 | D:3      | Reached skill level 6 in Staves
  1536 | D:3      | Noticed Ijyb
  1545 | D:3      | Killed Ijyb
  1574 | D:3      | Noticed Robin
  1580 | D:3      | Killed Robin
  1865 | D:3      | Reached XP level 5. HP: 42/42 MP: 2/2
  1899 | D:3      | Reached skill level 7 in Staves
  2212 | D:4      | Reached skill level 8 in Staves
  2265 | D:4      | Found a glowing drain.
  2271 | Sewer    | Entered a sewer
  2293 | Sewer    | Reached XP level 6. HP: 50/50 MP: 3/3
  2458 | Sewer    | Noticed shobalk's ghost (average GrMo)
  2470 | Sewer    | Killed shobalk's ghost
  2470 | Sewer    | Reached skill level 9 in Staves
  2684 | Sewer    | Reached XP level 7. HP: 39/56 MP: 3/3
  2861 | Sewer    | Reached skill level 10 in Staves
  3027 | D:4      | Found a deep blue altar of Sif Muna.
  3111 | D:4      | Found Pnipaske's Assorted Antiques.
  3118 | D:4      | Bought a potion of curing for 75 gold pieces
  3118 | D:4      | Bought 2 fuming purple potions for 45 gold pieces
  3118 | D:4      | Bought a fuming purple potion for 22 gold pieces
  3118 | D:4      | Bought a silvery potion for 22 gold pieces
  3135 | D:4      | Noticed Natasha
  3162 | D:4      | Killed Natasha
  3376 | D:4      | Noticed an ogre
  3385 | D:4      | Killed an ogre
  3449 | D:5      | Entered Level 5 of the Dungeon
  3652 | D:5      | Reached skill level 11 in Staves
  3894 | D:5      | Reached XP level 8. HP: 44/62 MP: 3/3
  4447 | D:6      | Reached skill level 12 in Staves
  4794 | D:6      | Reached skill level 13 in Staves
  5588 | D:7      | Noticed Joseph
  5605 | D:7      | Killed Joseph
  5605 | D:7      | Reached skill level 14 in Staves
  5605 | D:7      | Reached XP level 9. HP: 25/68 MP: 4/4
  5906 | D:7      | Found Skaunan's Food Shoppe.
  5906 | D:7      | Noticed Prince Ribbit
  5969 | D:7      | Found a staircase to the Ecumenical Temple.
  6094 | D:7      | Killed Prince Ribbit
  6243 | D:7      | Noticed Duvessa
  6243 | D:7      | Noticed Dowan
  6253 | D:7      | Killed Duvessa
  6262 | D:7      | Killed Dowan
  6838 | D:8      | Found a staircase to the Lair.
  6860 | D:8      | Reached skill level 5 in Fighting
  7069 | D:8      | Reached skill level 5 in Armour
  7291 | Temple   | Entered the Ecumenical Temple
  7590 | D:8      | Found a basalt altar of Yredelemnul.
  7668 | D:8      | Found a blossoming altar of Fedhas.
  7669 | D:8      | Found a shimmering altar of Xom.
  7766 | D:8      | Reached XP level 10. HP: 82/84 MP: 4/4
  7790 | D:8      | Reached skill level 5 in Dodging
  8941 | D:10     | Entered Level 10 of the Dungeon
  8943 | D:10     | Found a snail-covered altar of Cheibriados.
  9116 | D:10     | Found a staircase to the Orcish Mines.
  9205 | D:10     | Got a heavily runed buckler
  9212 | D:10     | Identified the +4 buckler of Daisies {-Tele rC+ MR+ Str+4} (You found it on level 10 of the Dungeon)
  9371 | D:10     | Killed an unseen horror
  9816 | D:10     | Noticed a hill giant
  9827 | D:10     | Killed a hill giant
  9827 | D:10     | Reached XP level 11. HP: 48/95 MP: 4/4
 10259 | Lair:1   | Entered Level 1 of the Lair of Beasts
 10509 | Lair:1   | Reached skill level 1 in Evocations
 11465 | Lair:1   | Identified a scroll of acquirement
 11466 | Lair:1   | Got a jewelled battleaxe
 11467 | Lair:1   | Identified the +9 battleaxe "Grim" {chop, Dex+4} (You acquired it on level 1 of the Lair of Beasts)
 11489 | Lair:2   | Noticed a seven-headed hydra
 11499 | Lair:2   | Killed a seven-headed hydra
 11685 | Lair:2   | Reached skill level 10 in Armour
 11848 | Lair:2   | Noticed an eight-headed hydra
 12008 | Lair:2   | HP: 3/97 [eight-headed hydra (4)]
 12017 | Lair:2   | Slain by an eight-headed hydra

Action                   |  1- 3 |  4- 6 |  7- 9 | 10-12 || total
-------------------------+-------+-------+-------+-------++-------
Melee: Quarterstaff      |    77 |   183 |   383 |   500 ||  1143
       Unarmed           |       |       |     6 |       ||     6
Evoke: Wand              |       |       |     8 |       ||     8
  Use: Scroll            |     3 |     4 |    10 |    12 ||    29
       Potion            |       |     1 |     1 |     1 ||     3
 Stab: Paralysed         |       |       |     5 |       ||     5
  Eat: Bread ration      |     1 |       |     1 |       ||     2
       Beef jerky        |       |     1 |     1 |     2 ||     4
       Meat ration       |       |       |     2 |     2 ||     4
       Royal jelly       |       |       |     1 |       ||     1
       Pizza             |       |       |     1 |       ||     1
       Fruit             |       |       |       |     4 ||     4
